 Dungeon Crawl Stone Soup version 0.31-a0-175-g9f7f995f2b (webtiles) character file.

Game seed: 7418405560399740964

1225 qw the Shooter (level 8, -9/74 HPs)
             Began as a Naga Hunter on June 16, 2023.
             Was a Follower of Okawaru.
             Mangled by an orc warrior
             ... wielding a +0 dire flail
              (37 damage)
             ... on level 6 of the Dungeon.
             The game lasted 00:01:56 (4787 turns).

qw the Shooter (Naga Hunter)                        Turns: 4787, Time: 00:01:56

Health: -9/74      AC: 10    Str: 20    XL:     8   Next: 47%
Magic:  6/10       EV:  1    Int:  9    God:    Okawaru [*.....]
Gold:   213        SH:  0    Dex: 17    Spells: 7/7 levels left

rFire   . . .        Y - +3 shortbow (freeze)
rCold   . . .        (shield currently unavailable)
rNeg    . . .        c - +0 leather armour
rPois   +            (no helmet)
rElec   .            p - +1 cloak
rCorr   .            k - +2 pair of gloves
SInv    +            (no barding)
Will    +....        n - amulet of reflection
Stlth   +++          j - +6 ring of strength
HPRegen 0.32/turn    (no ring)
MPRegen 0.12/turn

%: reflection
@: short of breath, sleeping, heroic, very slow
A: AC +2, large, see invisible, deformed body, poison resistance, slowness 2,
spit poison 1, naga tail 1
a: Spit Poison, Renounce Religion, Heroism


You were on level 6 of the Dungeon.
You worshipped Okawaru.
Okawaru was aware of your devotion.
You visited 2 branches of the dungeon, and saw 7 of its levels.

You collected 213 gold pieces.


Innate Abilities, Weirdness & Mutations

Your serpentine skin is tough. (AC +2)
You have supernaturally acute eyesight. (SInv)
Armour fits poorly on your strangely shaped body.
Your system is resistant to poisons. (rPois)
You cover ground very slowly.
You can spit poison.
You have a snake-like lower body.


   Skills:
 - Level 5.0(10.0) Fighting
 + Level 7.9(12.9) Ranged Weapons
 - Level 1.4(6.4) Armour
 - Level 2.1(7.1) Dodging
 - Level 1.5(6.5) Stealth
 + Level 3.0 Invocations


You had 7 spell levels left.
You didn't know any spells.
Your spell library was empty.

Inventory:

Hand Weapons
 Y - a +3 shortbow of freezing (weapon)
Armour
 c - a +0 leather armour (worn)
 k - a +2 pair of gloves (worn)
 p - a +1 cloak (worn)
Jewellery
 j - a +6 ring of strength (left hand)
 n - an amulet of reflection (around neck)
Scrolls
 a - a scroll of identify
 d - a scroll of teleportation
Potions
 b - 2 potions of cancellation
 e - a potion of resistance
 m - a potion of mutation
 o - a potion of might {unknown}

Dungeon Overview and Level Annotations

Branches:
Dungeon (6/15)             Temple (1/1) D:5

Altars:
Ashenzari
Cheibriados
Dithmenos
Elyvilon
Fedhas
Gozag
Hepliaklqana
Kikubaaqudgha
Makhleb
Okawaru
Qazlal
Ru
Sif Muna
Trog
Uskayaw
Vehumet
Wu Jian
Xom
Yredelemnul
Zin
The Shining One

Annotations:
D:3 1 runed translucent door, qw's ghost, amateur NaHu


Message History

You shoot an arrow.
The arrow hits the orc warrior but does no damage.
The orc warrior is lightly wounded.
The sleepcap releases spores at you.
You are engulfed in a cloud of soporific spores!
You fall asleep.
The orc warrior hits you with a +0 dire flail!!
You wake up.
You shoot an arrow. The arrow hits the orc warrior.
The arrow freezes the orc warrior.
The orc warrior is moderately wounded.
The sleepcap closely misses you. You block the orc warrior's attack.
You shoot an arrow.
The arrow completely misses the orc warrior.
You shoot an arrow. The arrow hits the orc warrior.
The arrow freezes the orc warrior.
The orc warrior is heavily wounded.
You have got your breath back.
The sleepcap barely misses you. The orc warrior closely misses you.
4784 ||| INVOKING Spit Poison.
Aiming: Spit Poison (1% risk of failure)
Press: ? - help, Shift-Dir - straight line, f/p - orc warrior The splash of poison misses the orc warrior.
You block the sleepcap's attack. The orc warrior misses you.
You shoot an arrow.
The arrow barely misses the orc warrior.
The sleepcap releases spores at you but does no damage.
The orc warrior barely misses you.
You shoot an arrow.
The arrow hits the orc warrior but does no damage.
The orc warrior is heavily wounded.
You shoot an arrow. The arrow hits the orc warrior.
The arrow freezes the orc warrior.
The orc warrior is heavily wounded.
The sleepcap releases spores at you.
You are engulfed in a cloud of soporific spores!
You fall asleep.
The orc warrior hits you with a +0 dire flail!!!
Ouch! That really hurt!
You die...

..........#
##..###.###
#..# #.#
######..###.#
...........># #
#####...#####..
#...# ....
#..)#..#
#..@fg# #...o.#
......#.#
####..###.. ...
... .... #..#
...#. #)#
...... ..


You could see an orc warrior, a sleepcap and a gnoll bouda.

Vanquished Creatures
  Eustachio (D:4)
  2 ice beasts
  3 ogres
  A phantom (D:5)
  A kobold brigand (D:6)
  A scorpion (D:6)
  2 hounds
  2 iguanas (D:4)
  2 orc wizards
  4 gnolls (D:2)
  14 adders
  2 ufetubi
  2 worms
  9 orcs
  6 endoplasms
  3 giant cockroaches
  10 goblins
  11 hobgoblins
  2 jackals (D:2)
  5 quokkas
  6 ball pythons
  5 bats
  7 frilled lizards
  11 kobolds
  4 rats
116 creatures vanquished.

Notes
Turn   | Place    | Note
-------+----------+-------------------------------------------
     0 | D:1      | qw the Naga Hunter began the quest for the Orb.
     0 | D:1      | Reached XP level 1. HP: 19/19 MP: 1/1
     0 | D:1      | 0 ||| qw: Version: 0.2-a-29-g511e9b1
     0 | D:1      | 0 ||| qw: Game counter: 29
     0 | D:1      | 0 ||| qw: Always use a shield: true
     0 | D:1      | 0 ||| qw: God list: Okawaru
     0 | D:1      | 0 ||| qw: Allow faded altars: false
     0 | D:1      | 0 ||| qw: Do Orc after D:15 true
     0 | D:1      | 0 ||| qw: Do second Lair branch before Depths: true
     0 | D:1      | 0 ||| qw: Lair rune preference: random
     0 | D:1      | 0 ||| qw: Plans: Normal
     0 | D:1      | 0 ||| PLANNING D:1-11
    48 | D:1      | 48 ||| INVOKING Spit Poison.
    78 | D:1      | 78 ||| INVOKING Spit Poison.
    82 | D:1      | 82 ||| INVOKING Spit Poison.
   116 | D:1      | 116 ||| INVOKING Spit Poison.
   151 | D:1      | 151 ||| INVOKING Spit Poison.
   237 | D:1      | 237 ||| INVOKING Spit Poison.
   238 | D:1      | Reached skill level 4 in Ranged Weapons
   238 | D:1      | Reached XP level 2. HP: 26/26 MP: 2/2
   256 | D:1      | 256 ||| INVOKING Spit Poison.
   263 | D:1      | 263 ||| INVOKING Spit Poison.
   274 | D:1      | 274 ||| INVOKING Spit Poison.
   286 | D:1      | 286 ||| INVOKING Spit Poison.
   300 | D:1      | 300 ||| INVOKING Spit Poison.
   316 | D:1      | 316 ||| INVOKING Spit Poison.
   351 | D:1      | 351 ||| INVOKING Spit Poison.
   382 | D:1      | 382 ||| INVOKING Spit Poison.
   389 | D:1      | 389 ||| INVOKING Spit Poison.
   394 | D:1      | 394 ||| INVOKING Spit Poison.
   489 | D:1      | 489 ||| INVOKING Spit Poison.
   491 | D:1      | Reached XP level 3. HP: 32/32 MP: 3/3
   492 | D:1      | 492 ||| INVOKING Spit Poison.
   499 | D:1      | 499 ||| INVOKING Spit Poison.
   582 | D:1      | 582 ||| INVOKING Spit Poison.
   623 | D:1      | 623 ||| INVOKING Spit Poison.
   853 | D:1      | 853 ||| READING scroll labelled VOTWOMPOEGYU.
   854 | D:1      | 854 ||| READING scroll labelled NALITUO YLUQASU.
   855 | D:1      | 855 ||| DROPPING scroll of butterflies.
   873 | D:2      | 873 ||| INVOKING Spit Poison.
   878 | D:2      | 878 ||| INVOKING Spit Poison.
   882 | D:2      | 882 ||| STAIRDANCE
   884 | D:1      | 884 ||| INVOKING Spit Poison.
   967 | D:2      | 967 ||| INVOKING Spit Poison.
   981 | D:2      | You fall into a shaft and drop 1 floor!
   983 | D:3      | 983 ||| INVOKING Spit Poison.
   993 | D:3      | Reached skill level 5 in Ranged Weapons
  1069 | D:3      | Reached XP level 4. HP: 39/39 MP: 4/4
  1148 | D:3      | 1148 ||| INVOKING Spit Poison.
  1173 | D:3      | 1173 ||| INVOKING Spit Poison.
  1178 | D:3      | 1178 ||| INVOKING Spit Poison.
  1254 | D:3      | 1254 ||| INVOKING Spit Poison.
  1295 | D:3      | Found a runed translucent door.
  1304 | D:3      | Noticed a bullfrog
  1307 | D:3      | 1307 ||| INVOKING Spit Poison.
  1309 | D:3      | Noticed qw's ghost (amateur NaHu)
  1311 | D:3      | 1311 ||| INVOKING Spit Poison.
  1338 | D:3      | 1338 ||| INVOKING Spit Poison.
  1364 | D:3      | 1364 ||| READING scroll labelled GITHRY NOUTEM.
  1365 | D:3      | 1365 ||| READING scroll labelled NALAMI OVIEH.
  1366 | D:3      | 1366 ||| DRINKING 2 ruby potions.
  1367 | D:3      | 1367 ||| DRINKING 3 golden potions.
  1377 | D:2      | 1377 ||| INVOKING Spit Poison.
  1392 | D:2      | 1392 ||| INVOKING Spit Poison.
  1394 | D:2      | Found a faded altar of an unknown god.
  1435 | D:2      | 1435 ||| INVOKING Spit Poison.
  1438 | D:2      | 1438 ||| INVOKING Spit Poison.
  1474 | D:2      | 1474 ||| INVOKING Spit Poison.
  1497 | D:2      | 1497 ||| INVOKING Spit Poison.
  1499 | D:2      | Reached skill level 3 in Fighting
  1502 | D:2      | 1502 ||| INVOKING Spit Poison.
  1505 | D:2      | 1505 ||| INVOKING Spit Poison.
  1507 | D:2      | Reached XP level 5. HP: 43/49 MP: 5/5
  1618 | D:2      | 1618 ||| INVOKING Spit Poison.
  1622 | D:2      | 1622 ||| INVOKING Spit Poison.
  1629 | D:2      | 1629 ||| INVOKING Spit Poison.
  1635 | D:2      | 1635 ||| INVOKING Spit Poison.
  1741 | D:2      | 1741 ||| INVOKING Spit Poison.
  1746 | D:2      | 1746 ||| INVOKING Spit Poison.
  1751 | D:2      | 1751 ||| INVOKING Spit Poison.
  1831 | D:2      | 1831 ||| INVOKING Spit Poison.
  1837 | D:2      | 1837 ||| INVOKING Spit Poison.
  1865 | D:2      | 1865 ||| UPGRADING to +0 pair of gloves.
  1870 | D:2      | 1870 ||| READING scroll of enchant armour.
  1870 | D:2      | 1870 ||| ENCHANTING +0 pair of gloves.
  1871 | D:2      | 1871 ||| UPGRADING to +6 ring of strength.
  1872 | D:2      | 1872 ||| READING scroll labelled LUFFIU YBLIUCH.
  1875 | D:2      | 1875 ||| READING scroll labelled LESIKAQUTA.
  1887 | D:3      | 1887 ||| INVOKING Spit Poison.
  1900 | D:3      | 1900 ||| READING scroll of enchant armour.
  1900 | D:3      | 1900 ||| ENCHANTING +1 pair of gloves.
  2040 | D:3      | 2040 ||| INVOKING Spit Poison.
  2052 | D:3      | 2052 ||| INVOKING Spit Poison.
  2055 | D:3      | 2055 ||| INVOKING Spit Poison.
  2243 | D:3      | 2243 ||| INVOKING Spit Poison.
  2244 | D:3      | 2244 ||| INVOKING Spit Poison.
  2247 | D:3      | 2247 ||| INVOKING Spit Poison.
  2250 | D:3      | 2250 ||| INVOKING Spit Poison.
  2254 | D:3      | 2254 ||| INVOKING Spit Poison.
  2375 | D:3      | 2375 ||| INVOKING Spit Poison.
  2492 | D:3      | 2492 ||| UPGRADING to +0 cloak.
  2497 | D:3      | 2497 ||| READING scroll labelled TAIBATA ZOTOO.
  2498 | D:3      | 2498 ||| READING scroll labelled OSUPHO OBOCUO.
  2499 | D:3      | 2499 ||| READING scroll labelled ALEBUI SUCOMA.
  2499 | D:3      | Identified a scroll of acquirement
  2499 | D:3      | 2499 ||| ACQUIRING +3 shortbow of freezing
  2499 | D:3      | Acquired a +3 shortbow of freezing
  2501 | D:3      | 2501 ||| UPGRADING to +3 shortbow of freezing.
  2502 | D:3      | 2502 ||| DROPPING +0 shortbow.
  2543 | D:4      | 2543 ||| INVOKING Spit Poison.
  2564 | D:4      | 2564 ||| INVOKING Spit Poison.
  2569 | D:4      | 2569 ||| INVOKING Spit Poison.
  2597 | D:4      | 2597 ||| INVOKING Spit Poison.
  2659 | D:4      | Reached skill level 6 in Ranged Weapons
  2710 | D:4      | 2710 ||| INVOKING Spit Poison.
  2711 | D:4      | Reached XP level 6. HP: 56/56 MP: 6/6
  2716 | D:4      | 2716 ||| INVOKING Spit Poison.
  2729 | D:4      | 2729 ||| READING scroll of enchant armour.
  2729 | D:4      | 2729 ||| ENCHANTING +0 cloak.
  2753 | D:4      | 2753 ||| INVOKING Spit Poison.
  2763 | D:4      | 2763 ||| INVOKING Spit Poison.
  2808 | D:4      | Noticed Eustachio
  2809 | D:4      | 2809 ||| INVOKING Spit Poison.
  2812 | D:4      | 2812 ||| INVOKING Spit Poison.
  2819 | D:4      | 2819 ||| INVOKING Spit Poison.
  2823 | D:4      | 2823 ||| INVOKING Spit Poison.
  2826 | D:4      | 2826 ||| INVOKING Spit Poison.
  2827 | D:4      | HP: 14/56 [iron imp[Eustachio] (1)]
  2828 | D:4      | 2828 ||| READING 2 scrolls of teleportation.
  2829 | D:4      | 2829 ||| DRINKING 2 potions of heal wounds.
  2961 | D:4      | 2961 ||| INVOKING Spit Poison.
  2998 | D:4      | 2998 ||| INVOKING Spit Poison.
  3049 | D:4      | 3049 ||| INVOKING Spit Poison.
  3052 | D:4      | 3052 ||| INVOKING Spit Poison.
  3058 | D:4      | 3058 ||| INVOKING Spit Poison.
  3061 | D:4      | 3061 ||| INVOKING Spit Poison.
  3066 | D:4      | 3066 ||| INVOKING Spit Poison.
  3070 | D:4      | 3070 ||| INVOKING Spit Poison.
  3071 | D:4      | HP: 13/56 [quokka[Eustachio] (4)]
  3071 | D:4      | HP: 6/56 [river rat[Eustachio] (7)]
  3072 | D:4      | 3072 ||| READING scroll of teleportation.
  3073 | D:4      | 3073 ||| DRINKING potion of heal wounds.
  3074 | D:4      | 3074 ||| INVOKING Spit Poison.
  3309 | D:4      | 3309 ||| INVOKING Spit Poison.
  3403 | D:4      | 3403 ||| INVOKING Spit Poison.
  3410 | D:4      | 3410 ||| INVOKING Spit Poison.
  3410 | D:4      | Killed Eustachio
  3411 | D:4      | Reached XP level 7. HP: 67/67 MP: 7/7
  3433 | D:4      | 3433 ||| INVOKING Spit Poison.
  3487 | D:4      | 3487 ||| INVOKING Spit Poison.
  3500 | D:4      | 3500 ||| READING scroll of acquirement.
  3500 | D:4      | 3500 ||| ACQUIRING amulet of reflection
  3500 | D:4      | Acquired an amulet of reflection
  3502 | D:4      | 3502 ||| UPGRADING to amulet of reflection.
  3553 | D:4      | 3553 ||| DROPPING +1 cloak.
  3554 | D:4      | 3554 ||| READING scroll labelled KYL PYICZEY.
  3555 | D:4      | 3555 ||| DRINKING 2 orange potions.
  3556 | D:4      | 3556 ||| READING 4 scrolls of identify.
  3556 | D:4      | 3556 ||| IDENTIFYING bubbling emerald potion
  3557 | D:4      | 3557 ||| READING 3 scrolls of identify.
  3557 | D:4      | 3557 ||| IDENTIFYING coppery potion
  3558 | D:4      | 3558 ||| READING 2 scrolls of identify.
  3558 | D:4      | 3558 ||| IDENTIFYING fizzy brown potion
  3559 | D:4      | 3559 ||| DROPPING potion of attraction.
  3560 | D:4      | 3560 ||| DROPPING potion of enlightenment.
  3561 | D:4      | 3561 ||| DROPPING potion of degeneration.
  3597 | D:5      | Entered Level 5 of the Dungeon
  3601 | D:5      | 3601 ||| INVOKING Spit Poison.
  3664 | D:5      | 3664 ||| INVOKING Spit Poison.
  3779 | D:5      | Found a staircase to the Ecumenical Temple.
  3780 | D:5      | 3780 ||| PLANNING TEMPLE
  3780 | D:5      | 3780 ||| READING scroll labelled SYNELI CADDIR.
  3888 | Temple   | Entered the Ecumenical Temple
  3969 | Temple   | 3969 ||| PLANNING OKAWARU WORSHIP
  4088 | Temple   | Became a worshipper of Warmaster Okawaru
  4089 | Temple   | 4089 ||| PLANNING D:1-11
  4238 | D:5      | 4238 ||| INVOKING Spit Poison.
  4257 | D:5      | 4257 ||| INVOKING Spit Poison.
  4264 | D:5      | 4264 ||| INVOKING Spit Poison.
  4267 | D:5      | Reached skill level 7 in Ranged Weapons
  4352 | D:5      | Reached skill level 1 in Armour
  4373 | D:5      | 4373 ||| INVOKING Spit Poison.
  4390 | D:5      | 4390 ||| INVOKING Spit Poison.
  4617 | D:5      | 4617 ||| READING scroll labelled PIKLYCELAU.
  4618 | D:5      | 4618 ||| READING 3 scrolls of identify.
  4618 | D:5      | 4618 ||| IDENTIFYING bubbling clear potion
  4619 | D:5      | 4619 ||| READING 2 scrolls of identify.
  4619 | D:5      | 4619 ||| IDENTIFYING fizzy pink potion
  4620 | D:5      | 4620 ||| DROPPING potion of lignification.
  4689 | D:6      | Reached * piety under Okawaru
  4690 | D:6      | Reached XP level 8. HP: 74/74 MP: 8/8
  4727 | D:6      | 4727 ||| INVOKING Spit Poison.
  4759 | D:6      | 4759 ||| INVOKING Spit Poison.
  4760 | D:6      | 4760 ||| INVOKING Heroism.
  4764 | D:6      | 4764 ||| INVOKING Spit Poison.
  4766 | D:6      | Reached skill level 1 in Invocations
  4768 | D:6      | 4768 ||| INVOKING Spit Poison.
  4773 | D:6      | 4773 ||| INVOKING Heroism.
  4774 | D:6      | 4774 ||| INVOKING Spit Poison.
  4778 | D:6      | Reached skill level 3 in Invocations
  4784 | D:6      | 4784 ||| INVOKING Spit Poison.
  4787 | D:6      | Mangled by an orc warrior

Levels and vault maps discovered:
D:1:      dpeg_arrival_line_fractal, layout_loops_corners
D:2:      layout_rooms, hellmonk_ecumenical_altar_zigzags, minmay_tromino_v4_b
D:3:      layout_loops_corners, serial_rivers, chequers_serial_rivers_large_a,
          chequers_serial_rivers_small_a, chequers_serial_rivers_micro_c,
          chequers_serial_rivers_room_a, chequers_serial_rivers_small_a,
          ebering_ghost_sewer_d
D:4:      layout_gridville, st_stairs_4, chequers_serial_rivers_micro_d,
          uniq_eustachio
D:5:      layout_loops_ring, minmay_temple_entry_slanted
D:6:      layout_basic, minmay_ruined_shrine
Temple:   mainiacjoe_temple_archimedes_tessellation

Skill      XL: |  1  2  3  4  5  6  7  8 |
---------------+-------------------------+-----
Ranged Weapons | 4 5 6 7 |  7.9
Fighting       | 3 5 |  5.0
Dodging        | 2 |  2.1
Armour         | 1 |  1.4
Invocations    | 3 |  3.0
Stealth        | |  1.5

Action                     |  1- 3 |  4- 6 |  7- 9 || total
---------------------------+-------+-------+-------++-------
   Fire: Shortbow          |    61 |   162 |    84 ||   307
 Invoke: Heroism           |       |       |     2 ||     2
Ability: Spit Poison       |    26 |    58 |    15 ||    99
    Use: Scroll            |     2 |    12 |     9 ||    23
         Potion            |       |     4 |     1 ||     5
 Armour: Leather armour    |    11 |    57 |    20 ||    88
  Dodge: Dodged            |    12 |    83 |    26 ||   121
  Block: Other             |       |       |    10 ||    10

Table legend:
 A = Non-vault XP
 B = Vault XP
 C = Vault XP percentage of total XP
 D = Non-vault monster count
 E = Vault monster count
 F = Vault count percentage of total count
                 A         B        C        D         E       F
            +---------+---------+-------+---------+---------+-------
      Total |    1066 |     685 |  39.1 |     107 |       9 |   7.8
            +---------+---------+-------+---------+---------+-------
        D:1 |      56 |       0 |   0.0 |      28 |       0 |   0.0
        D:2 |     123 |       2 |   1.6 |      23 |       1 |   4.2
        D:3 |      52 |       0 |   0.0 |      20 |       0 |   0.0
        D:4 |     248 |     218 |  46.8 |      24 |       3 |  11.1
        D:5 |     455 |       0 |   0.0 |      10 |       0 |   0.0
        D:6 |     132 |     465 |  77.9 |       2 |       5 |  71.4
            +---------+---------+-------+---------+---------+-------
